 Dungeon Crawl Stone Soup version 0.31-a0-237-g2d982f9f85 (webtiles) character file.

Game seed: 15899533788034026362

135 qw the Shooter (level 5, -2/30 HPs)
             Began as a Gargoyle Hexslinger on July 10, 2023.
             Slain by Robin
             ... wielding a +1 short sword of protection
              (3 damage)
             ... on level 3 of the Dungeon.
             The game lasted 00:00:56 (1928 turns).

qw the Shooter (Gargoyle Hexslinger)                Turns: 1928, Time: 00:00:57

Health: -2/30      AC:  9    Str: 12    XL:     5   Next: 18%
Magic:  6/6        EV: 10    Int: 13    God:
Gold:   77         SH:  0    Dex: 14    Spells: 5/6 levels left

rFire   . . .        Y - +1 sling
rCold   . . .        (no shield)
rNeg    + . .        b - +0 ring mail
rPois   inf          (no helmet)
rElec   +            (no cloak)
rCorr   .            (no gloves)
SInv    .            (no boots)
Will    .....        (no amulet)
Stlth   +            d - +4 ring of slaying {mikee}
HPRegen 0.25/turn    (no ring)
MPRegen 0.10/turn

%: no passive effects
@: no status effects
A: sickness immunity, AC +4, negative energy resistance 1, electricity
resistance, torment resistance 1, petrification resistance
a: no special abilities


You were on level 3 of the Dungeon.
You visited 1 branch of the dungeon, and saw 3 of its levels.

You collected 77 gold pieces.


Innate Abilities, Weirdness & Mutations

You are immune to sickness and miasma.
Your stone body is resilient. (AC +4)
You are immune to poison.
You resist negative energy. (rN+)
You are resistant to electric shocks. (rElec)
You are resistant to unholy torment.
You are immune to petrification.


   Skills:
 - Level 2.0 Fighting
 + Level 4.6 Ranged Weapons
 - Level 1.5 Armour
 - Level 1.5 Dodging
 - Level 1.0 Spellcasting
 - Level 2.6 Hexes


You had 5 spell levels left.
You knew the following spells:

 Your Spells              Type           Power      Damage    Failure   Level
a - Slow                  Hex            28%        N/A       21%         1

Your spell library contained the following spells:

 Spells                   Type           Power      Damage    Failure   Level
 Inner Flame              Hex/Fire       4%         N/A       71%         3
 Portal Projectile        Hex/Tloc       8%         N/A       71%         3
 Cause Fear               Hex            3%         N/A       90%         4

Inventory:

Hand Weapons
 Y - a +1 sling (weapon)
Armour
 b - a +0 ring mail (worn)
Jewellery
 d - a +4 ring of slaying (left hand) {mikee}
Scrolls
 f - 4 scrolls of identify
Potions
 a - a potion of lignification {unknown}

Dungeon Overview and Level Annotations

Branches:
Dungeon (3/15)

Altars:

Annotations:
D:3 2 transporters, Robin


Message History

The ball python constricts you.
The goblin hits you but does no damage. x2
Robin roars a battlecry!
The goblin goes into a battle-frenzy!
The hobgoblin hits you but does no damage.
The goblin barely misses you.
A dart slug comes into view.
You shoot a sling bullet.
The sling bullet closely misses the ball python.
The ball python bites you but does no damage.
The ball python constricts you.
A worm comes into view.
The goblin hits you but does no damage.
Robin hits you with a +1 short sword of protection.
The goblin hits you with a +0 dagger. The goblin hits you but does no damage.
The hobgoblin barely misses you.
You shoot a sling bullet. The sling bullet hits the ball python.
You kill the ball python!
The dart slug briefly extends its eye-stalks.
The goblin barely misses you. Robin hits you but does no damage.
The goblin hits you with a +0 dagger.
The shadow imp shouts, "Begone, thou lumpish bat-fowling guttersnipe!"
The hobgoblin misses you. The goblin barely misses you.
You shoot a sling bullet.
The sling bullet hits Robin but does no damage.
The goblin hits you but does no damage. The goblin barely misses you.
The goblin hits you with a +0 club. The hobgoblin hits you.
The goblin hits you but does no damage.
You shoot a sling bullet.
The sling bullet hits Robin but does no damage.
The goblin hits you but does no damage. Robin hits you but does no damage.
The goblin closely misses you. The goblin hits you but does no damage.
The hobgoblin closely misses you. The goblin closely misses you.
The hobgoblin closely misses you. Robin completely misses you.
The goblin barely misses you. The goblin hits you but does no damage.
The goblin hits you with a +0 club. The goblin hits you with a +0 dagger.
You shoot a sling bullet. The sling bullet hits Robin.
Robin is lightly wounded.
The goblin hits you but does no damage.
Robin hits you with a +1 short sword of protection.
You die... gg

# #... # g##....#
g..#..## .
$.+...##.# .
).....###.. .
......... .
...####w....... .#.
# #..w.ggg..# # .[.
######@g.##?##..###
#gg.#K5..# #.##
#...####.5##..##
#....(.####....###
#.................
#........./.......
###.#..##.....#...
#.#.########.#.#
#.#.# #.#.#.


You could see a kobold brigand, a worm, Robin, a shadow imp, a dart slug, a
hobgoblin (strong) and 4 goblins.

Vanquished Creatures
  Jessica (D:3)
  An adder (D:3)
  3 worms
  3 dart slugs
  6 endoplasms
  8 giant cockroaches
  13 goblins
  10 hobgoblins
  2 jackals (D:3)
  2 kobolds
  2 quokkas (D:1)
  11 ball pythons
  8 bats
  4 frilled lizards
  5 rats
79 creatures vanquished.

Notes
Turn   | Place    | Note
-------+----------+-------------------------------------------
     0 | D:1      | qw the Gargoyle Hexslinger began the quest for the Orb.
     0 | D:1      | Reached XP level 1. HP: 12/12 MP: 2/2
     0 | D:1      | 0 ||| qw: Version: 0.3-a-52-g30416fa
     0 | D:1      | 0 ||| qw: Game counter: 5088
     0 | D:1      | 0 ||| qw: Melee chars always use a shield: true
     0 | D:1      | 0 ||| qw: God list: Okawaru
     0 | D:1      | 0 ||| qw: Allow faded altars: false
     0 | D:1      | 0 ||| qw: Do Orc after clearing Dungeon:15 true
     0 | D:1      | 0 ||| qw: Do second Lair branch before Depths: true
     0 | D:1      | 0 ||| qw: Lair rune preference: random
     0 | D:1      | 0 ||| qw: Goals: Normal
     0 | D:1      | 0 ||| PLANNING D:1-11
    99 | D:1      | Reached XP level 2. HP: 13/16 MP: 3/3
   177 | D:1      | Reached skill level 3 in Ranged Weapons
   494 | D:1      | Reached XP level 3. HP: 21/21 MP: 4/4
   699 | D:1      | 699 ||| UPGRADING to +0 leather armour.
   709 | D:1      | 709 ||| DROPPING +0 robe.
   710 | D:1      | 710 ||| UPGRADING to +4 ring of slaying {mikee}.
   711 | D:1      | 711 ||| READING scroll labelled ZIXYSO BUCK.
   712 | D:1      | 712 ||| READING 2 scrolls labelled JIYGI MESIBRA.
   713 | D:1      | 713 ||| READING 3 scrolls labelled FEZU WOOHEPPAFILI.
   714 | D:1      | 714 ||| READING scroll labelled MIXKULU HAPLOPIN.
   715 | D:1      | 715 ||| DROPPING scroll of poison.
   716 | D:1      | 716 ||| DROPPING 2 scrolls of vulnerability.
  1163 | D:2      | Reached XP level 4. HP: 26/26 MP: 5/5
  1176 | D:2      | 1176 ||| FLEEEEING.
  1177 | D:2      | 1177 ||| FLEEEEING.
  1179 | D:2      | 1179 ||| FLEEEEING.
  1180 | D:2      | 1180 ||| FLEEEEING.
  1181 | D:2      | 1181 ||| FLEEEEING.
  1182 | D:2      | 1182 ||| FLEEEEING.
  1183 | D:2      | 1183 ||| FLEEEEING.
  1184 | D:2      | 1184 ||| FLEEEEING.
  1185 | D:2      | 1185 ||| FLEEEEING.
  1186 | D:2      | 1186 ||| FLEEEEING.
  1187 | D:2      | 1187 ||| FLEEEEING.
  1188 | D:2      | 1188 ||| FLEEEEING.
  1189 | D:2      | 1189 ||| FLEEEEING.
  1190 | D:2      | 1190 ||| FLEEEEING.
  1191 | D:2      | 1191 ||| FLEEEEING.
  1192 | D:2      | 1192 ||| FLEEEEING.
  1193 | D:2      | 1193 ||| FLEEEEING.
  1194 | D:2      | 1194 ||| FLEEEEING.
  1195 | D:2      | 1195 ||| FLEEEEING.
  1196 | D:2      | 1196 ||| FLEEEEING.
  1197 | D:2      | 1197 ||| STAIRDANCE
  1290 | D:2      | Reached skill level 4 in Ranged Weapons
  1579 | D:2      | 1579 ||| UPGRADING to +0 ring mail.
  1589 | D:2      | 1589 ||| DROPPING +0 leather armour.
  1590 | D:2      | 1590 ||| READING scroll labelled KUFFUOZ ITOTAI.
  1631 | D:3      | Noticed Jessica
  1632 | D:3      | Killed Jessica
  1633 | D:3      | Reached skill level 1 in Armour
  1744 | D:3      | Reached XP level 5. HP: 30/30 MP: 6/6
  1760 | D:3      | Found a transporter.
  1761 | D:3      | Found a transporter.
  1901 | D:3      | Noticed a kobold brigand
  1904 | D:3      | Noticed Robin
  1910 | D:3      | 1910 ||| Stepping ~*~*~tactically~*~*~ (outnumbered).
  1912 | D:3      | Noticed a small abomination
  1926 | D:3      | HP: 6/30 [goblin/+0 club[Robin] (4)]
  1927 | D:3      | HP: 1/30 [goblin/+0 dagger[Robin] (2)]
  1928 | D:3      | Slain by Robin

Levels and vault maps discovered:
D:1:      dpeg_arrival_arbitrary_a, layout_loops_ring, kennysheep_flooded_box,
          moated_statue, minmay_misc_feat_more_columns
D:2:      layout_basic
D:3:      layout_basic, mainiacjoe_overflow_alcove_2,
          gammafunk_ghost_abyssal_escape, uniq_robin, uniq_jessica

Skill      XL: |  1  2  3  4 |
---------------+-------------+-----
Ranged Weapons | 3 4 |  4.6
Fighting       | 2 |  2.0
Armour         | 1 |  1.5
Dodging        | |  1.5
Spellcasting   | |  1.0
Hexes          | |  2.6

Action                     |  1- 3 |  4- 6 || total
---------------------------+-------+-------++-------
   Fire: Sling             |   134 |    80 ||   214
    Use: Scroll            |     4 |     1 ||     5
 Armour: Robe              |    12 |       ||    12
         Leather armour    |     3 |     4 ||     7
         Ring mail         |       |    67 ||    67
  Dodge: Dodged            |    31 |    60 ||    91

Table legend:
 A = Non-vault XP
 B = Vault XP
 C = Vault XP percentage of total XP
 D = Non-vault monster count
 E = Vault monster count
 F = Vault count percentage of total count
                 A         B        C        D         E       F
            +---------+---------+-------+---------+---------+-------
      Total |     144 |      50 |  25.8 |      71 |       8 |  10.1
            +---------+---------+-------+---------+---------+-------
        D:1 |      52 |       0 |   0.0 |      31 |       0 |   0.0
        D:2 |      46 |       0 |   0.0 |      24 |       0 |   0.0
        D:3 |      46 |      50 |  52.1 |      16 |       8 |  33.3
            +---------+---------+-------+---------+---------+-------
